 Dungeon Crawl Stone Soup version 0.30.1-9-gdf580d7c3d (webtiles) character file.

Game seed: 14520705201773353692

272 ringo67 the Trooper (level 6, -4/47 HPs)
             Began as a Mummy Warper on Oct 2, 2023.
             Splashed by a jelly's acid (8 damage)
             ... on level 4 of the Dungeon.
             The game lasted 00:05:59 (2651 turns).

ringo67 the Trooper (Mummy Warper)                  Turns: 2651, Time: 00:06:01

Health: -4/47      AC: -4    Str: 17    XL:     6   Next: 2%
Magic:  10/10      EV:  8    Int: 12    God:
Gold:   125        SH:  0    Dex: 11    Spells: 10/10 levels left

rFire   x . .        a - +0 mace
rCold   + . .        (no shield)
rNeg    + + +        s - +0 chain mail
rPois   ∞            (no helmet)
rElec   .            l - +2 cloak
rCorr   .            (no gloves)
SInv    .            (no boots)
Will    .....        o - amulet of magic regeneration Stlth
                     (no ring)
HPRegen 0.27/turn    (no ring)
MPRegen 0.52/turn

%: faith
@: corroded
A: cold resistance 1, negative energy resistance 3, torment resistance 2, heat
vulnerability 1, in touch with death 1, no potions, faith
a: no special abilities


You were on level 4 of the Dungeon.
You visited 1 branch of the dungeon, and saw 4 of its levels.

You collected 125 gold pieces.

Inventory:

Hand Weapons
 a - a +0 mace (weapon)
 i - a +0 war axe
Missiles
 d - 7 boomerangs of dispersal
 h - 5 poisoned darts (quivered)
 p - 5 javelins
Armour
 l - a +2 cloak (worn)
 s - a +0 chain mail (worn)
Jewellery
 n - a ring of fire
 o - an amulet of magic regeneration (around neck)
 q - a +6 ring of intelligence
 r - a ring of fire
Scrolls
 b - a scroll of enchant weapon {unknown}
 c - 2 scrolls of blinking
 e - a scroll of fear {unknown}
 f - 2 scrolls of teleportation {unknown}
 g - a scroll of vulnerability {unknown}
 j - a scroll of poison {unknown}
 m - 4 scrolls of identify {unknown}


   Skills:
 + Level 3.4 Fighting
 + Level 2.7 Maces & Flails
 - Level 2.0 Throwing
 + Level 2.3 Armour
 - Level 2.5 Dodging
 - Level 2.6 Spellcasting
 - Level 2.4 Translocations


You had 10 spell levels left.
You didn't know any spells.
Your spell library contained the following spells:

 Spells                   Type           Power      Damage    Failure   Level
 Blink                    Tloc           14%        N/A       83%         2
 Lesser Beckoning         Tloc           14%        N/A       83%         2
 Teleport Other           Tloc           7%         N/A       97%         3
 Vhi's Electric Charge    Tloc/Air       8%         N/A       99%         3
 Manifold Assault         Tloc           7%         N/A       100%        4


Dungeon Overview and Level Annotations

Branches:
Dungeon (4/15)
 Temple: D:4-7

Altars:
Qazlal
Sif Muna
Yredelemnul


Innate Abilities, Weirdness & Mutations

You are immune to poison.
Your flesh is cold resistant. (rC+)
You are immune to negative energy. (rN+++)
You are immune to unholy pain and torment.
You are vulnerable to heat. (rF-)
You are in touch with the powers of death.
You do not drink.
You have a special connection with the divine. (Faith)


Message History

There is an open door here.
There is a stone staircase leading down here.
You now have 125 gold pieces (gained 11).
You open the door.
There is an open door here.
You open the door.
There is an open door here.
You open the door.
A jelly comes into view.
The jelly quivers.
Found a robe.
You barely miss the jelly. The jelly hits you but does no damage.
You hit the jelly.
Your hands burn!
The jelly is lightly wounded.
The jelly hits you but does no damage.
You hit the jelly.
Your hands burn!
The jelly is moderately wounded.
The jelly hits you. The acid corrodes you!
You are splashed with acid!
The jelly hits you but does no damage.
You hit the jelly. The acid corrodes you!
Your hands burn!
The jelly is moderately wounded.
The jelly hits you.
You are splashed with acid!
You hit the jelly.
Your hands burn!
The jelly is severely wounded.
The jelly closely misses you.
You are too injured to fight recklessly!
You are too injured to fight recklessly!
You are too injured to fight recklessly!
You hit the jelly. The acid corrodes you!
Your hands burn!
The jelly is almost dead.
The jelly barely misses you. The jelly hits you. The acid corrodes you!
You are splashed with acid.
* * * LOW HITPOINT WARNING * * *
You hit the jelly.
Your hands burn!
* * * LOW HITPOINT WARNING * * *
The jelly is almost dead.
The jelly hits you.
* * * LOW HITPOINT WARNING * * *
You are splashed with acid!
You die...

... #######...
#####.......##' #.
#...#.......'. #..
#...'.......# #...
#...#.......# #...
#...#.......# #...
#...#.......#
#...########....@..#
#.......##....##J###
#.....#..#....#...
#.....#..#....#...#
#.....#..'..>.#...#
#.....####....#...#
#+#...........#...#
#...........#[..#
+...>.......+


You could see a jelly.

Vanquished Creatures
  2 hounds
  Jessica (D:3)
  An orc wizard (D:3)
  A scorpion zombie (D:3)
  A hound zombie (D:3)
  7 adders
  An adder zombie (D:3)
  3 worms
  A dart slug (D:2)
  3 orcs (D:3)
  4 endoplasms
  2 giant cockroaches
  3 goblins (D:1)
  7 hobgoblins
  7 kobolds
  A quokka (D:1)
  2 ball pythons
  4 bats
  3 frilled lizards
  2 rats (D:2)
56 creatures vanquished.

Notes
Turn   | Place    | Note
-------+----------+-------------------------------------------
     0 | D:1      | ringo67 the Mummy Warper began the quest for the Orb.
     0 | D:1      | Reached XP level 1. HP: 16/16 MP: 4/4
     3 | D:1      | Noticed a gargoyle
     3 | D:1      | Noticed an armataur
     5 | D:1      | Noticed a ghoul
     5 | D:1      | Noticed a naga
     7 | D:1      | Noticed a spriggan
     7 | D:1      | Noticed a human
     9 | D:1      | Noticed a draconian
     9 | D:1      | Noticed an elf
    11 | D:1      | Noticed a troll
    11 | D:1      | Noticed a meteoran
    13 | D:1      | Noticed a demigod
    13 | D:1      | Noticed a formicid
    15 | D:1      | Noticed an ogre
    15 | D:1      | Noticed a demonspawn
    17 | D:1      | Noticed an octopode
    19 | D:1      | Noticed a minotaur
    21 | D:1      | Noticed a vine stalker
    21 | D:1      | Noticed a felid
    23 | D:1      | Noticed a merfolk
    23 | D:1      | Noticed a tengu
    25 | D:1      | Noticed a vampire
    25 | D:1      | Noticed a merfolk
    27 | D:1      | Noticed a formicid
    27 | D:1      | Noticed a ghoul
    51 | D:1      | Reached skill level 1 in Throwing
    51 | D:1      | Reached skill level 1 in Armour
   120 | D:1      | Reached XP level 2. HP: 21/22 MP: 5/5
   734 | D:2      | Gained mutation: You are in touch with the powers of death.
                  | [Mummy growth]
   734 | D:2      | Reached XP level 3. HP: 26/28 MP: 7/7
   784 | D:2      | Found a stormy altar of Qazlal.
   951 | D:2      | Reached XP level 4. HP: 33/34 MP: 8/8
  1491 | D:3      | Found a basalt altar of Yredelemnul.
  1548 | D:3      | Reached XP level 5. HP: 40/40 MP: 9/9
  1564 | D:3      | Noticed Jessica
  1719 | D:3      | Reached skill level 3 in Fighting
  2355 | D:3      | Killed Jessica
  2371 | D:3      | Found a shimmering blue altar of Sif Muna.
  2540 | D:4      | Reached XP level 6. HP: 35/47 MP: 10/10
  2651 | D:4      | Splashed by a jelly's acid

Illustrated notes

Levels and vault maps discovered:
D:1:      kb_arrival_jail, layout_rooms, grunt_decor_clamped
D:2:      layout_rooms, basic_altar, nicolae_elevator_lobby_plus
D:3:      layout_loops_cross, tgw_sif, nicolae_yredelemnul_corpse_copse
D:4:      layout_gridville, grunt_ministairs_13, kennysheep_small_spiral,
          uniq_pargi, uniq_crazy_yiuf_cottage

Skill      XL: |  1  2  3  4  5 |
---------------+----------------+-----
Throwing       | 1 2 |  2.0
Armour         | 1 2 |  2.3
Maces & Flails | 2 |  2.7
Dodging        | 2 |  2.5
Fighting       | 3 |  3.4
Spellcasting   | |  2.6
Translocations | |  2.4

Action                     |  1- 3 |  4- 6 || total
---------------------------+-------+-------++-------
  Melee: Mace              |   104 |   179 ||   283
 Armour: Leather armour    |     5 |       ||     5
         Scale mail        |    52 |    85 ||   137
         Ring mail         |     3 |       ||     3
         Chain mail        |       |    25 ||    25
  Dodge: Dodged            |    79 |    69 ||   148
